 Dungeon Crawl Stone Soup version 0.30-a0-722-g3e6e8c874d (webtiles) character file.

Game seed: 6995804848534308848

5247 warriortoast the Fighter (level 10, 23/92 HPs)
             Began as a Barachi Fighter on Jan 27, 2023.
             Was a Priest of Okawaru.
             Quit the game on level 1 of the Abyss.
             The game lasted 00:22:34 (6861 turns).

warriortoast the Fighter (Barachi Fighter)          Turns: 6861, Time: 00:22:35

Health: 23/92      AC: 14    Str: 19    XL:     10   Next: 62%
Magic:  11/11      EV: 10    Int: 10    God:    Okawaru [***...]
Gold:   494        SH:  5    Dex: 19    Spells: 9/9 levels left

rFire   + . .      SeeInvis .    a - +0 war axe
rCold   . . .      Faith    .    c - +0 buckler
rNeg    . . .      Spirit   .    g - +1 ring mail {rF+}
rPois   .          Reflect  .    (no helmet)
rElec   .          Harm     .    J - +1 cloak {Stlth+}
rCorr   .          Rampage  .    (no gloves)
Will    .....                    C - +0 pair of boots
Stlth   ++                       f - amulet of regeneration
HPRegen 1.15/turn                D - +6 ring of dexterity
MPRegen 0.12/turn                E - +4 ring of protection

@: mighty, slow
A: amphibious, slowness 1, strong legs 1, +LOS
a: Hop, Renounce Religion, Heroism


You were on level 1 of the Abyss.
You worshipped Okawaru.
Okawaru was most pleased with you.
You visited 2 branches of the dungeon, and saw 9 of its levels.
You visited the Abyss 1 time.

You collected 514 gold pieces.
You spent 20 gold pieces at shops.

Inventory:

Hand Weapons
 a - a +0 war axe (weapon)
Missiles
 t - 5 poisoned darts (quivered)
Armour
 b - a +0 scale mail
 c - a +0 buckler (worn)
 g - a +1 ring mail of fire resistance (worn)
 m - a +2 plate armour of willpower
 C - a +0 pair of boots (worn)
 J - a +1 cloak of stealth (worn)
Jewellery
 f - an amulet of regeneration (around neck)
 k - an amulet of reflection
 p - a ring of fire
 u - a ring of protection from cold
 D - a +6 ring of dexterity (left hand)
 E - a +4 ring of protection (right hand)
Wands
 q - a wand of flame (28)
 w - a wand of digging (3)
Scrolls
 h - 2 scrolls of poison {unknown}
 i - 5 scrolls of teleportation {unknown}
 j - a scroll of silence {unknown}
 o - 3 scrolls of noise {unknown}
 r - a scroll of enchant weapon {unknown}
 v - 3 scrolls of enchant armour {unknown}
 x - 4 scrolls of fear {unknown}
 y - a scroll of immolation {unknown}
 F - a scroll of fog {unknown}
 G - 2 scrolls of brand weapon {unknown}
 H - a scroll of identify
Potions
 d - a potion of might
 e - a potion of mutation {unknown}
 l - 4 potions of heal wounds
 n - 4 potions of curing
 s - a potion of brilliance {unknown}
 z - 2 potions of flight
 A - a potion of haste
 B - 4 potions of magic
 I - a potion of cancellation {unknown}


   Skills:
 + Level 13.1 Fighting
 + Level 11.8 Axes
 + Level 2.0 Throwing
 - Level 3.6 Armour
 - Level 3.2 Shields
 + Level 1.7 Invocations


You had 9 spell levels left.
You didn't know any spells.
Your spell library was empty.

Dungeon Overview and Level Annotations

Branches:
Dungeon (8/15)             Temple (1/1) D:6
   Lair: D:8-11

Altars:
Ashenzari
Cheibriados
Dithmenos
Elyvilon
Fedhas
Gozag
Kikubaaqudgha
Makhleb
Nemelex Xobeh
Okawaru
Qazlal
Ru
Sif Muna
Trog
Uskayaw
Vehumet
Wu Jian
Xom
Yredelemnul
Zin
The Shining One

Shops:
D:2 *

Annotations:
D:8 Psyche


Innate Abilities, Weirdness & Mutations

You are amphibious.
You cover ground slowly.
You can hop short distances.
You have an extended range of vision and can be seen from far away.


Message History

You hit something. Something hits you but does no damage.
You blink.
You feel sick.
The kobold brigand throws a poisoned dart.
Things that are here:
a howler monkey corpse; a howler monkey corpse; a howler monkey corpse You miss something.
You feel sick.
You are no longer poisoned.
You hear some strange, mumbled words.
A swirling arc of seething chaos appears!
An arc of chaos appears from out of thin air!
The arc of chaos hits you.
You slash something!
You hear some strange, mumbled words.
A swirling arc of seething chaos appears!
An arc of chaos appears from out of thin air!
The arc of chaos hits you.
You are caught in a web!
The web tears apart.
Something hits you but does no damage. Space warps around you!
Something hits you but does no damage. Space warps around you.
You barely miss something. Something hits you but does no damage.
Space warps horribly around you!
You miss something.
The kobold brigand throws a poisoned dart.
You block the poisoned dart.
You hear some strange, mumbled words.
A swirling arc of seething chaos appears!
An arc of chaos appears from out of thin air!
The arc of chaos hits the kobold brigand.
You miss something. Something hits you but does no damage.
Space warps around you.
The kobold brigand throws a poisoned dart.
The poisoned dart closely misses you.
You barely miss something. Something hits you. Space warps around you.
* * * LOW HITPOINT WARNING * * *
Something hits you.
* * * LOW HITPOINT WARNING * * *
You are cast into the Abyss!
This branch contains the abyssal rune of Zot.
Reactivating autopickup.
Are you sure you want to abandon this character and quit the game? (Confirm with "yes".)

.#
#....#######..#
........@...#
.###..#####......
# .#..


There were no monsters in sight!

Vanquished Creatures
  A two-headed ogre (D:8)
  Joseph (D:7)
  9 yaks
  A water moccasin (D:6)
  A sky beast (D:6)
  3 ice beasts
  A black bear (D:7)
  2 ogres
  4 centaurs
  2 phantoms (D:4)
  A kobold brigand (D:8)
  A bullfrog (D:6)
  3 scorpions (D:6)
  11 wights
  4 killer bees (D:8)
  3 howler monkeys (D:8)
  2 jellies
  Crazy Yiuf (D:6)
  An orc priest (D:6)
  A gnoll bouda (D:5)
  3 iguanas
  3 orc wizards
  A scorpion zombie (D:4)
  A hound zombie (D:4)
  A hound skeleton (D:4)
  9 gnolls
  7 adders
  3 shadow imps
  3 white imps
  3 ufetubi (D:5)
  A worm (D:4)
  A dart slug (D:2)
  37 orcs
  9 bats
  6 endoplasms
  6 giant cockroaches
  6 goblins
  9 hobgoblins
  5 jackals
  3 quokkas
  7 ball pythons
  6 frilled lizards
  12 kobolds
  A quokka zombie (D:4)
  7 rats
203 creatures vanquished.

Vanquished Creatures (others)
  2 kobolds (D:8)
  27 plants (D:3)
29 creatures vanquished.

Grand Total: 232 creatures vanquished

Notes
Turn   | Place    | Note
-------+----------+-------------------------------------------
     0 | D:1      | warriortoast the Barachi Fighter began the quest for the
                  | Orb.
     0 | D:1      | Reached XP level 1. HP: 18/18 MP: 1/1
   117 | D:1      | Found a faded altar of an unknown god.
   178 | D:1      | Reached XP level 2. HP: 25/25 MP: 2/2
   182 | D:1      | Reached skill level 4 in Fighting
   576 | D:2      | Reached XP level 3. HP: 31/31 MP: 3/3
   772 | D:2      | Noticed an ogre
   787 | D:2      | Killed an ogre
   788 | D:2      | Reached skill level 5 in Fighting
   788 | D:2      | Reached XP level 4. HP: 21/39 MP: 4/4
   788 | D:2      | Reached XP level 5. HP: 24/44 MP: 5/5
  1166 | D:2      | Found Bucererch's Assorted Antiques.
  1175 | D:2      | Bought a scroll labelled AVIETI URIAMO for 20 gold pieces
  1669 | D:3      | Found an opulent altar of Gozag.
  2073 | D:3      | Found a blossoming altar of Fedhas.
  2442 | D:4      | Noticed a phantom
  2443 | D:4      | Noticed a phantom
  2563 | D:4      | Reached skill level 6 in Fighting
  2610 | D:4      | Reached skill level 5 in Axes
  2610 | D:4      | Reached XP level 6. HP: 48/52 MP: 6/6
  2864 | D:4      | Reached skill level 7 in Fighting
  2864 | D:4      | Reached XP level 7. HP: 59/60 MP: 7/7
  3201 | D:5      | Entered Level 5 of the Dungeon
  3613 | D:5      | Reached skill level 8 in Fighting
  3718 | D:5      | Reached XP level 8. HP: 52/68 MP: 8/8
  4410 | D:6      | Reached skill level 9 in Fighting
  4426 | D:6      | Found a staircase to the Ecumenical Temple.
  4440 | Temple   | Entered the Ecumenical Temple
  4612 | Temple   | Became a worshipper of Warmaster Okawaru
  4840 | D:6      | Reached skill level 10 in Fighting
  4846 | D:6      | Reached XP level 9. HP: 76/78 MP: 9/9
  4856 | D:6      | Reached * piety under Okawaru
  4900 | D:6      | Found a sacrificial altar of Ru.
  5153 | D:6      | Found a runed translucent door.
  5154 | D:6      | Noticed Crazy Yiuf
  5162 | D:6      | Killed Crazy Yiuf
  5549 | D:7      | Reached skill level 11 in Fighting
  5673 | D:7      | Noticed Joseph
  5740 | D:7      | Reached skill level 10 in Axes
  5877 | D:7      | Found a sparkling altar of Nemelex Xobeh.
  5890 | D:7      | Reached ** piety under Okawaru
  6027 | D:7      | Killed Joseph
  6221 | D:7      | Reached skill level 12 in Fighting
  6226 | D:7      | Reached XP level 10. HP: 21/89 MP: 10/10
  6462 | D:8      | Reached *** piety under Okawaru
  6780 | D:8      | Reached skill level 1 in Throwing
  6791 | D:8      | Noticed a two-headed ogre
  6801 | D:8      | Killed a two-headed ogre
  6802 | D:8      | Reached skill level 13 in Fighting
  6802 | D:8      | Reached skill level 1 in Invocations
  6835 | D:8      | Noticed Psyche
  6860 | Abyss:1  | Cast into level 1 of the Abyss (Psyche)
  6861 | Abyss:1  | Quit the game

Illustrated notes

Levels and vault maps discovered:
D:1:      minmay_arrival_widening_spiral_wide, layout_rooms,
          ebering_ecumenical_altar_hall
D:2:      minmay_razor_zed, layout_loops_cross, serial_shops,
          nicolae_square_shop
D:3:      layout_loops_corners, mainiacjoe_overflow_chevrons,
          lemuel_doored_altar, serial_bayou, serial_bayou_lake_a,
          serial_bayou_lagoon_b, serial_bayou_shore_b, serial_bayou_pond_e,
          serial_bayou_pond_c
D:4:      layout_basic, serial_undead, serial_undead_f, serial_undead_c,
          serial_undead_c, serial_undead_a
D:5:      layout_loops_ring
D:6:      cheibrodos_iron_armory, layout_loops_cross, lemuel_tele_altar,
          minmay_temple_entry_wispy, uniq_crazy_yiuf_cottage
D:7:      layout_rooms, mainiacjoe_overflow_brackets, abandoned_shop,
          uniq_joseph
D:8:      layout_loops_ring, uniq_psyche
Temple:   bh_familiar_temple
Abyss:1:  base: Temple, spicy_abyss_pitcher_plant

Skill      XL: |  1  2  3  4  5  6  7  8  9 10 |
---------------+-------------------------------+-----
Fighting       | 4 5 6 7 8 10 12 13 | 13.1
Axes           | 3 4 5 7 8 10 11 | 11.8
Throwing       | 2 |  2.0
Invocations    | 1 |  1.7
Armour         | |  3.6
Shields        | |  3.2

Action                     |  1- 3 |  4- 6 |  7- 9 | 10-12 || total
---------------------------+-------+-------+-------+-------++-------
  Melee: War axe           |    92 |   178 |   366 |   120 ||   756
  Throw: Dart              |       |    17 |    34 |     6 ||    57
         Throwing net      |       |       |     1 |       ||     1
 Invoke: Heroism           |       |       |       |     4 ||     4
Ability: Hop               |     2 |     1 |     3 |     1 ||     7
    Use: Potion            |     1 |       |     1 |       ||     2
         Scroll            |       |       |     7 |       ||     7
   Stab: Sleeping          |       |       |     1 |       ||     1
 Armour: Scale mail        |     2 |       |       |       ||     2
         Ring mail         |    36 |    79 |   166 |    48 ||   329
  Dodge: Dodged            |    44 |    86 |   187 |    54 ||   371
  Block: Buckler           |    29 |    46 |   118 |    31 ||   224

Table legend: (Time is in decaauts)
 A = Elapsed time spent in this place.
 B = Non-inter-level travel time spent in this place.
 C = Inter-level travel time spent in this place.
 D = Time resting spent in this place.
 E = Time spent auto-exploring this place.
 F = Levels seen in this place.
 G = Mean time per level.
                   A        B        C        D        E       F      G
               +--------+--------+--------+--------+--------+-----+--------+
         Total |   7957 |   7695 |    262 |    794 |   5005 |  10 |  795.7 |
       Dungeon |   7720 |   7488 |    232 |    794 |   4822 |   8 |  965.0 |
        Temple |    236 |    206 |     30 |      0 |    183 |   1 |  236.0 |
         Abyss |      0 |      0 |      0 |      0 |      0 |   1 |    0.0 |
               +--------+--------+--------+--------+--------+-----+--------+

Top non-repeatable levels by time:
     D:5: 1305 daAuts
     D:2: 1095 daAuts
     D:6: 1093 daAuts
     D:3: 1093 daAuts
     D:7: 1020 daAuts
     D:4: 983 daAuts
     D:1: 678 daAuts
     D:8: 450 daAuts
  Temple: 236 daAuts
 Abyss:1: 0 daAuts
